 Dungeon Crawl Stone Soup version 0.31-a0-841-g038b102fc3 (webtiles) character file.

Game seed: 17410306781631949919

7826 kiwi3s the Cleaver (level 11, -5/90 HPs)
             Began as a Minotaur Berserker on Sept 27, 2023.
             Was an Elder of Trog.
             Slain by a two-headed ogre
             ... wielding a +0 giant club
              (28 damage)
             ... on level 10 of the Dungeon.
             The game lasted 00:16:52 (8058 turns).

kiwi3s the Cleaver (Minotaur Berserker)             Turns: 8058, Time: 00:16:53

Health: -5/90      AC: 14    Str: 29    XL:     11   Next: 1%
Magic:  10/10      EV: 12    Int:  3    God:    Trog [****..]
Gold:   51         SH:  5    Dex: 10    Spells: 10/10 levels left

rFire   . . .        a - +0 hand axe
rCold   . . .        (no shield)
rNeg    . . .        c - +0 chain mail
rPois   .            (helmet restricted)
rElec   .            z - +0 cloak
rCorr   .            (no gloves)
SInv    .            l - +0 pair of boots
Will    .....        f - amulet of reflection Stlth
                     (no ring)
HPRegen 0.35/turn    (no ring)
MPRegen 0.12/turn

%: reflection
@: no status effects
A: horns 2, retaliatory headbutt, frail 1, strong 1
a: Renounce Religion, Berserk, Trog's Hand, Brothers in Arms


You were on level 10 of the Dungeon.
You worshipped Trog.
Trog was greatly pleased with you.
You visited 1 branch of the dungeon, and saw 10 of its levels.
You also visited: Sewer.

You collected 531 gold pieces.
You spent 480 gold pieces at shops.

Inventory:

Hand Weapons
 a - a +0 hand axe (weapon)
Missiles
 D - 3 throwing nets (quivered)
Armour
 b - a +0 animal skin
 c - a +0 chain mail (worn)
 l - a +0 pair of boots (worn)
 z - a +0 cloak (worn)
 K - a +0 plate armour of fire resistance
Jewellery
 f - an amulet of reflection (around neck)
 i - a ring of protection from cold
 E - a ring of protection from cold
 H - a +6 ring of intelligence
Wands
 y - a wand of polymorph (13)
 I - a wand of iceblast (5)
 L - a wand of flame (1)
Scrolls
 e - 4 scrolls of revelation
 g - 7 scrolls of teleportation
 h - 2 scrolls of immolation {unknown}
 j - a scroll of brand weapon {unknown}
 n - 3 scrolls of blinking
 r - 2 scrolls of acquirement {unknown}
 v - a scroll of poison {unknown}
 w - a scroll of fear {unknown}
 x - 4 scrolls of vulnerability {unknown}
 C - 3 scrolls of fog
 G - 2 scrolls of noise {unknown}
 J - a scroll of butterflies
Potions
 d - 3 potions of lignification
 k - 2 potions of ambrosia
 m - a potion of invisibility
 o - 3 potions of haste
 p - 3 potions of curing
 q - 3 potions of brilliance
 s - a potion of resistance
 t - 5 potions of might
 u - 4 potions of berserk rage
 A - a potion of enlightenment {unknown}
 B - 2 potions of attraction
 F - a potion of heal wounds


   Skills:
 + Level 10.8 Fighting
 + Level 10.8 Axes
 + Level 10.5 Armour
 + Level 9.6 Dodging


You had 10 spell levels left.
You didn't know any spells.
Your spell library was empty.

Dungeon Overview and Level Annotations

Branches:
Dungeon (10/15)            Temple (0/1) D:4            Lair (0/5) D:9
  Sewer (visited)
    Orc: D:9-12

Altars:
Cheibriados
Dithmenos
Elyvilon
Fedhas
Kikubaaqudgha
Nemelex Xobeh
Okawaru
Qazlal
Ru
Trog
Wu Jian
Xom
The Shining One

Shops:
D:6 !   D:7 [[   D:10 ?


Innate Abilities, Weirdness & Mutations

You have a pair of horns on your head.
You reflexively headbutt those who attack you in melee.
You are frail. (-10% HP)
Your muscles are strong. (Str +4, Int/Dex -1)


Message History

No target in view!
Found a stone staircase leading down.
You now have 51 gold pieces (gained 10).
No target in view!
No target in view!
You see here a +0 pair of boots.
l - a +0 pair of boots You start putting on your armour.
You continue putting on your +0 pair of boots. x4
You finish putting on your +0 pair of boots.
Found a stone staircase leading down.
No target in view!
There is a stone staircase leading down here.
L - a wand of flame (1) No target in view!
Found a stone staircase leading up.
No target in view!
A two-headed ogre comes into view. It is wielding two +0 giant clubs.
An electric eel comes into view.
Found a robe.
The electric eel shoots out a bolt of lightning at you!
The bolt of electricity hits you!
The two-headed ogre hits you with a +0 giant club!
The two-headed ogre barely misses you.
There are monsters nearby!
You hit the two-headed ogre.
Your headbutt misses the two-headed ogre.
The two-headed ogre is lightly wounded.
There are monsters nearby!
You hit the two-headed ogre.
The two-headed ogre is lightly wounded.
The two-headed ogre hits you with a +0 giant club!
The two-headed ogre hits you with a +0 giant club!!
An electric eel comes into view.
The electric eel shoots out a bolt of lightning at you!
The bolt of electricity hits you!
* * * LOW HITPOINT WARNING * * *
The two-headed ogre attacks as it pursues you!
The two-headed ogre hits you with a +0 giant club!!
You die...

≈≈≈≈≈≈≈~[#...#...≈~≈...##
≈S≈≈≈≈≈~~....#........###
≈≈≈≈≈~~~.....#.#.....###.
≈≈S≈≈~.<.....#.....#.# #.
#≈≈≈~~.....# #.......# #.
≈≈≈≈.......# #.......# #.
≈≈≈~~......####...##.####
~≈≈~...O........####...
......###@...........#####
.......###.................
............<.........#####
...................#.......
..................#.#####.
..................#.# #.
###..............#.# #.
#....##........#.# #.
#....##..>.....#.#####.


You could see a two-headed ogre and 2 electric eels.

Vanquished Creatures
  A two-headed ogre (D:9)
  The ghost of hikkokomori the Fighter, a journeyman GrFi of Gozag (D:9)
  A komodo dragon (D:9)
  Sigmund (D:2)
  A shadow (D:9)
  A wyvern (D:9)
  A wraith (D:9)
  6 yaks
  4 water moccasins
  2 hornet zombies (D:5)
  2 orc warriors (D:9)
  4 ice beasts
  An ogre (D:7)
  3 centaurs
  3 phantoms (D:5)
  4 kobold brigands
  3 bullfrogs
  4 scorpions
  7 wights
  4 killer bees (D:9)
  A centaur zombie (D:5)
  5 howler monkeys
  7 bullfrog zombies (D:5)
  Crazy Yiuf (D:4)
  An orc priest (D:4)
  3 hounds
  2 jellies
  2 iguanas (D:5)
  Natasha (thrice) (D:4)
  7 orc wizards
  2 scorpion zombies (D:5)
  A killer bee zombie (D:5)
  A hound skeleton (D:5)
  A howler monkey zombie (D:5)
  13 adders
  7 gnolls
  A river rat (D:4)
  A white imp (D:7)
  An ufetubus (D:5)
  3 worms
  2 dart slugs (D:4)
  35 orcs
  5 bats
  7 endoplasms
  7 giant cockroaches
  6 goblins
  6 hobgoblins
  5 jackals
  31 kobolds
  2 quokkas
  12 ball pythons
  7 frilled lizards
  32 rats
274 creatures vanquished.

Vanquished Creatures (collateral kills)
  The ghost of Age the Blocker, a novice MiFi of Gozag (D:9)
  A gnoll sergeant (D:7)
2 creatures vanquished.

Vanquished Creatures (others)
  An orc (D:3)
  2 goblins (D:3)
3 creatures vanquished.

Grand Total: 279 creatures vanquished

Notes
Turn   | Place    | Note
-------+----------+-------------------------------------------
     0 | D:1      | kiwi3s the Minotaur Berserker began the quest for the Orb.
     0 | D:1      | Reached XP level 1. HP: 19/19 MP: 0/0
    49 | D:1      | Reached XP level 2. HP: 27/27 MP: 1/1
   254 | D:1      | Reached ** piety under Trog
   371 | D:1      | Reached XP level 3. HP: 33/33 MP: 2/2
   668 | D:2      | Noticed Sigmund
   670 | D:2      | Noticed a scorpion
   676 | D:2      | Killed Sigmund
   677 | D:2      | Reached XP level 4. HP: 41/41 MP: 3/3
   677 | D:2      | Reached XP level 5. HP: 47/47 MP: 4/4
   678 | D:2      | Reached skill level 5 in Fighting
   678 | D:2      | Reached skill level 5 in Axes
  1057 | D:3      | Reached XP level 6. HP: 56/56 MP: 5/5
  1151 | D:3      | Found a shimmering altar of Xom.
  1549 | D:4      | Noticed Natasha
  1550 | D:4      | Found a glowing golden altar of the Shining One.
  1557 | D:4      | Found a shadowy altar of Dithmenos.
  1598 | D:4      | Found an ornate altar of the Wu Jian Council.
  1797 | D:4      | Found a staircase to the Ecumenical Temple.
  1800 | D:4      | Found a glowing drain.
  1801 | D:4      | Reached *** piety under Trog
  1918 | Sewer    | Entered a sewer
  1981 | Sewer    | Reached skill level 5 in Armour
  2045 | Sewer    | Reached **** piety under Trog
  2096 | Sewer    | Reached XP level 7. HP: 60/62 MP: 6/6
  2567 | D:4      | Killed Natasha
  2615 | D:4      | Noticed Natasha
  2626 | D:4      | Killed Natasha
  2704 | D:4      | Noticed Natasha
  2719 | D:4      | Killed Natasha
  2720 | D:4      | Reached skill level 5 in Dodging
  2838 | D:4      | Found a runed translucent door.
  2839 | D:4      | Noticed Crazy Yiuf
  2846 | D:4      | Killed Crazy Yiuf
  2941 | D:5      | Entered Level 5 of the Dungeon
  2959 | D:5      | Reached XP level 8. HP: 42/71 MP: 7/7
  3223 | D:5      | Reached ***** piety under Trog
  3923 | D:6      | Reached XP level 9. HP: 79/81 MP: 8/8
  4210 | D:6      | Found Hosty's Distillery.
  4229 | D:6      | Bought a potion of heal wounds for 55 gold pieces
  4229 | D:6      | Bought a potion of mutation for 88 gold pieces
  4229 | D:6      | Bought a potion of curing for 33 gold pieces
  4229 | D:6      | Bought 2 potions of might for 88 gold pieces
  4229 | D:6      | Gained mutation: You occasionally lose the ability to drink
                  | potions when taking damage. [potion of mutation]
  4230 | D:6      | Lost mutation: You occasionally lose the ability to drink
                  | potions when taking damage. [potion of mutation]
  4230 | D:6      | Gained mutation: You are clumsy. (Dex -2) [potion of
                  | mutation]
  4230 | D:6      | Gained mutation: You are dopey. (Int -2) [potion of
                  | mutation]
  4353 | D:6      | Found a sacrificial altar of Ru.
  4757 | D:7      | Found Ruckautt's Antique Armour Shoppe.
  4801 | D:7      | Found an iron altar of Okawaru.
  5452 | D:7      | Found Kaimief's Antique Armour Shoppe.
  5492 | D:7      | Found a snail-covered altar of Cheibriados.
  5599 | D:8      | Found an ancient bone altar of Kikubaaqudgha.
  5830 | D:8      | Received a gift from Trog
  5992 | D:8      | Reached XP level 10. HP: 91/91 MP: 9/9
  6156 | D:8      | Found a sparkling altar of Nemelex Xobeh.
  6490 | D:9      | Found a runed translucent gate.
  6528 | D:9      | Found a runed translucent gate.
  6528 | D:9      | Found a runed translucent gate.
  6532 | D:9      | Noticed hikkokomori's ghost (journeyman GrFi)
  6532 | D:9      | Noticed Age's ghost (novice MiFi)
  6615 | D:9      | Reached skill level 10 in Fighting
  6615 | D:9      | Reached skill level 10 in Axes
  6624 | D:9      | Lost mutation: You are dopey. (Int -2) [potion of mutation]
  6624 | D:9      | Lost mutation: You are clumsy. (Dex -2) [potion of
                  | mutation]
  6624 | D:9      | Gained mutation: You are frail. (-10% HP) [potion of
                  | mutation]
  6624 | D:9      | Gained mutation: Your muscles are strong. (Str +4, Int/Dex
                  | -1) [potion of mutation]
  6790 | D:9      | Found a blossoming altar of Fedhas.
  6817 | D:9      | Found a staircase to the Lair.
  7085 | D:9      | Found a stormy altar of Qazlal.
  7175 | D:9      | Noticed a two-headed ogre
  7187 | D:9      | Killed a two-headed ogre
  7188 | D:9      | Reached skill level 10 in Armour
  7708 | D:9      | Found a bloodstained altar of Trog.
  7751 | D:9      | Killed hikkokomori's ghost
  7753 | D:9      | Killed Age's ghost
  7754 | D:9      | Reached XP level 11. HP: 90/90 MP: 10/10
  7851 | D:10     | Entered Level 10 of the Dungeon
  7858 | D:10     | Found Jocwauf's Magic Scroll Emporium.
  7865 | D:10     | Bought a scroll of fog for 64 gold pieces
  7865 | D:10     | Bought a scroll of identify for 32 gold pieces
  7865 | D:10     | Bought a scroll of blinking for 120 gold pieces
  7881 | D:10     | Found a white marble altar of Elyvilon.
  8054 | D:10     | Noticed a two-headed ogre
  8058 | D:10     | Slain by a two-headed ogre

Illustrated notes

Levels and vault maps discovered:
D:1:      dpeg_arrival_renting, layout_rooms
D:2:      layout_basic, uniq_sigmund
D:3:      layout_rooms, xom_confusion_cloud
D:4:      layout_rooms, nicolae_wu_jian_wuxing_cycle,
          mainiacjoe_overflow_catwalk_spiral, minmay_temple_entry_proselytizer,
          portal_sewer_entry_a, uniq_natasha, uniq_crazy_yiuf_cottage
D:5:      layout_rooms, serial_undead, serial_undead_c, serial_undead_d,
          serial_undead_a, serial_undead_c, serial_undead_d, serial_undead_a,
          serial_undead_a, serial_undead_a
D:6:      layout_basic, nicolae_ru_path_of_blood, serial_shops, shop,
          nrook_mini_vaults
D:7:      layout_rooms, mainiacjoe_overflow_alcove_4, lemuel_crystal_altar,
          serial_shops, shop, shop, st_stairs_13, grunt_ogre_cave
D:8:      layout_rooms, mainiacjoe_overflow_brackets,
          mainiacjoe_overflow_chevrons, hangedman_decor_peaks_small,
          minmay_misc_feat_tiny
D:9:      layout_irregular_city, mainiacjoe_overflow_24_doors,
          nicolae_qazlal_general_emergency, lightli_temple_of_fire,
          david_lair_shrubbed, gammafunk_ghost_cemetery,
          minmay_fractal_squares_gapless_5
D:10:     layout_basic, mainiacjoe_overflow_surrounded_room, elyvilon_altar_3,
          serial_shops, shop_scrolls

Skill      XL: |  1  2  3  4  5  6  7  8  9 10 |
---------------+-------------------------------+-----
Fighting       | 4 5 6 7 9 10 | 10.8
Axes           | 4 5 6 8 9 10 | 10.8
Armour         | 3 4 5 6 7 9 10 | 10.5
Dodging        | 3 4 5 6 8 9 |  9.6

Action                     |  1- 3 |  4- 6 |  7- 9 | 10-12 || total
---------------------------+-------+-------+-------+-------++-------
  Melee: Hand axe          |    60 |   143 |   425 |   141 ||   769
         Headbutt          |     5 |    21 |    83 |    29 ||   138
         Unarmed           |       |       |    11 |       ||    11
         Punch             |       |       |     3 |     1 ||     4
 Invoke: Berserk           |     1 |       |     4 |     4 ||     9
         Brothers in Arms  |       |       |     1 |     1 ||     2
    Use: Potion            |       |       |     3 |     2 ||     5
         Scroll            |       |       |       |    11 ||    11
   Stab: Distracted        |       |       |     1 |       ||     1
 Armour: Chain mail        |    39 |   106 |   355 |   106 ||   606
         Animal skin       |     3 |       |       |       ||     3
         Skin              |       |     3 |    25 |       ||    28
  Dodge: Dodged            |    29 |    64 |   224 |    64 ||   381
  Block: Other             |       |       |    81 |    26 ||   107
         Reflection        |       |       |     6 |     4 ||    10

Table legend: (Time is in decaauts)
 A = Elapsed time spent in this place.
 B = Non-inter-level travel time spent in this place.
 C = Inter-level travel time spent in this place.
 D = Time resting spent in this place.
 E = Time spent auto-exploring this place.
 F = Levels seen in this place.
 G = Mean time per level.
                   A        B        C        D        E       F      G
               +--------+--------+--------+--------+--------+-----+--------+
         Total |   8131 |   7923 |    208 |    930 |   5440 |  11 |  739.2 |
       Dungeon |   7781 |   7573 |    208 |    930 |   5210 |  10 |  778.1 |
         Sewer |    350 |    350 |      0 |      0 |    229 |   1 |  350.0 |
               +--------+--------+--------+--------+--------+-----+--------+

Top non-repeatable levels by time:
     D:9: 1589 daAuts
     D:4: 1085 daAuts
     D:7: 994 daAuts
     D:5: 970 daAuts
     D:8: 702 daAuts
     D:6: 667 daAuts
     D:2: 589 daAuts
     D:3: 500 daAuts
     D:1: 477 daAuts
   Sewer: 350 daAuts
    D:10: 203 daAuts
